 Dungeon Crawl Stone Soup version 0.18.1-5-g4a78601 (webtiles) character file.

81 Chiseanne the Magician (level 4, -11/30 HPs)
             Began as a Demonspawn Wizard on May 11, 2016.
             Mangled by an ogre
             ... wielding a +0 giant spiked club
              (13 damage)
             ... on level 2 of the Dungeon.
             The game lasted 00:07:25 (3067 turns).

Chiseanne the Magician (Demonspawn Wizard)          Turns: 3067, Time: 00:07:25

Health: -11/30     AC:  4    Str:  5 (7)  XL:     4   Next: 19%
Magic:  0/10       EV: 17    Int: 20      God:
Gold:   75         SH:  0    Dex: 15 (17) Spells: 4 memorised, 3 levels left

rFire  . . .     SeeInvis .     v - +4 dagger
rCold  . . .     Gourm    .     a - +0 robe
rNeg   . . .     Faith    .     (no shield)
rPois  .         Spirit   +     b - +0 hat
rElec  .         Dismiss  .     (no cloak)
rCorr  .         Reflect  .     (no gloves)
SustAt .         Harm     .     (no boots)
MR     .....                    (no amulet)
Stlth  +++.......               (no ring)
                                (no ring)

@: agile, not resistant to hostile enchantments, fairly stealthy
A: hooves 1, thin metallic scales 1, magic shield
a: no special abilities


You were on level 2 of the Dungeon.
You were not hungry.

You visited 1 branch of the dungeon, and saw 3 of its levels.

You collected 75 gold pieces.

Inventory:

Hand Weapons
 n - a cursed -1 dagger
 v - a +4 dagger (weapon)
Missiles
 f - 16 bolts
 j - 26 stones (quivered)
 k - 34 sling bullets
 l - 17 arrows
Armour
 a - a +0 robe (worn)
 b - a +0 hat (worn)
 r - a +2 leather armour of cold resistance
Potions
 q - a potion of cure mutation
Books
 c - a book of Minor Magic

   Spells                             Type                      Level
   a - Magic Dart                     Conjuration                  1
   b - Blink                          Translocation                2
   c - Call Imp                       Summoning                    2
   d - Repel Missiles                 Charms/Air                   2
   e - Slow                           Hexes                        2
   f - Conjure Flame                  Conjuration/Fire             3
   g - Mephitic Cloud                 Conjuration/Poison/Air       3
Comestibles
 d - 2 bread rations
 i - 5 fruits
 p - a chunk of flesh
 s - a meat ration
 u - a beef jerky


   Skills:
 - Level 1.7 Dodging
 - Level 1.7 Stealth
 * Level 4.0 Spellcasting
 * Level 2.9 Conjurations
   Level 1.0 Summonings
 - Level 0.8 Translocations


You had 3 spell levels left.
You knew the following spells:

 Your Spells              Type           Power        Failure   Level  Hunger
a - Magic Dart            Conj           ###.         4%          1    None
b - Blink                 Tloc           N/A          17%         2    #......
c - Repel Missiles        Chrm/Air       #.....       21%         2    #......
d - Mephitic Cloud        Conj/Pois/Air  #.......     30%         3    ###....


Dungeon Overview and Level Annotations

Branches:
Dungeon (3/15)

Altars:
Yredelemnul

Annotations:
D:3 Sigmund; ThereIsNoGod's ghost, amateur GrFi


Innate Abilities, Weirdness & Mutations

You have large cloven feet.
You are partially covered in thin metallic scales (AC +2).
When hurt, damage is shared between your health and your magic reserves.


Message History

The ogre hits you with a giant spiked club!
You hit the ogre.
The ogre is severely wounded.
The ogre seems less confused.
The ogre hits you with a giant spiked club!
Ouch! That really hurt!
* * * LOW HITPOINT WARNING * * *
An adder comes into view.
Drink which item? (? for menu, Esc to quit)
It was a potion of cancellation.
You feel magically purged. The ogre closely misses you.
Drink which item? (? for menu, Esc to quit)
It was a potion of agility.
You feel agile all of a sudden. The ogre barely misses you.
You hit the ogre. You kick the ogre, but do no damage.
The ogre is severely wounded.
The adder closely misses you.
The ogre hits you with a giant spiked club!
You die...

#................#
#............##### ######
#............# .....#
#............#
.....##########....#...# ####
.....#.............##..#######...
.....'...........................
.....#..........S..##...######...
.....#..........@O.##.>['[.......
.....##########....##...######...
.....# #....##...# #... .....#
#....##...# #### ######
#....##...# #....##...#
#######...# #####


You could see an ogre and an adder.

Vanquished Creatures
  An orc wizard (D:2)
  An adder (D:3)
  3 dart slugs
  A giant gecko (D:1)
  2 orcs (D:2)
  2 giant cockroaches (D:2)
  5 goblins
  2 hobgoblins (D:1)
  4 jackals (D:2)
  2 ball pythons (D:1)
  A bat (D:3)
  2 giant newts
  7 kobolds
  7 rats
40 creatures vanquished.

Notes
Turn   | Place    | Note
--------------------------------------------------------------
     0 | D:1      | Chiseanne the Demonspawn Wizard began the quest for the Orb.
     0 | D:1      | Reached XP level 1. HP: 13/13 MP: 4/4
   745 | D:1      | Gained mutation: You are partially covered in thin metallic scales (AC +2). [demonic ancestry]
   745 | D:1      | Reached XP level 2. HP: 19/19 MP: 4/6
  1511 | D:2      | Learned a level 2 spell: Blink
  1514 | D:2      | Learned a level 2 spell: Repel Missiles
  1877 | D:2      | Gained mutation: When hurt, damage is shared between your health and your magic reserves. [demonic ancestry]
  1877 | D:2      | Reached XP level 3. HP: 24/24 MP: 1/8
  2172 | D:3      | Noticed ThereIsNoGod's ghost (amateur GrFi)
  2278 | D:3      | Noticed an ogre
  2773 | D:3      | Noticed Sigmund
  2773 | D:3      | Found a basalt altar of Yredelemnul.
  2785 | D:2      | Learned a level 3 spell: Mephitic Cloud
  2954 | D:2      | Reached skill level 4 in Spellcasting
  2954 | D:2      | Gained mutation: You have large cloven feet. [demonic ancestry]
  2954 | D:2      | Reached XP level 4. HP: 23/30 MP: 2/10
  3059 | D:2      | HP: 1/30 [ogre/giant spiked club (16)]
  3067 | D:2      | Mangled by an ogre

Skill      XL: |  1  2  3 |
---------------+----------+-----
Conjurations   | 2 |  2.9
Spellcasting   | 4 |  4.0
Dodging        | |  1.7
Stealth        | |  1.7
Summonings     | |  1.0
Translocations | |  0.8

Action                   |  1- 3 |  4- 6 || total
-------------------------+-------+-------++-------
Melee: Dagger            |   112 |     7 ||   119
       Kick              |       |     3 ||     3
 Cast: Magic Dart        |    95 |     2 ||    97
       Repel Missiles    |     1 |       ||     1
       Mephitic Cloud    |     2 |     2 ||     4
       Blink             |       |     1 ||     1
  Use: Scroll            |     3 |       ||     3
       Potion            |     5 |     2 ||     7
 Stab: Sleeping          |     1 |       ||     1
  Eat: Chunk             |     5 |     1 ||     6
       Fruit             |     1 |       ||     1
Armor: Robe              |    26 |       ||    26
Dodge: Dodged            |    92 |     7 ||    99
       Deflected         |     2 |       ||     2
